 Dungeon Crawl Stone Soup version 0.31-b1-20-g67cafac56d (webtiles) character file.

Game seed: 11883038641454910553

2 Esekla the Sneak (level 1, -5/16 HPs)
             Began as an Octopode Delver on Jan 17, 2024.
             Was an Initiate of Gozag.
             Slain by a wight
             ... wielding a +0 hand axe
              (8 damage)
             ... on level 4 of the Dungeon.
             The game lasted 00:03:01 (200 turns).

Esekla the Sneak (Octopode Delver)                   Turns: 200, Time: 00:03:02

Health: -5/16      AC:  1    Str: 11    XL:     1   Next: 40%
Magic:  1/1        EV: 13    Int: 12    God:    Gozag
Gold:   9          SH:  0    Dex: 13    Spells: 0/0 levels left

rFire   . . .        a - +0 falchion
rCold   . . .        (no shield)
rNeg    . . .        (helmet restricted)
rPois   .            (no amulet)
rElec   .            (no ring)
rCorr   .            (no ring)
SInv    .            (no ring)
Will    .....        (no ring)
Stlth   ++++         (no ring)
HPRegen 0.22/turn    (no ring)
MPRegen 0.07/turn    (no ring)
                     (no ring)

%: no passive effects
@: hasted, very quick
A: almost no armour, amphibious, 8 rings, camouflage 1, gelatinous body 1,
(nimble swimmer 1), tentacles
a: Renounce Religion, Potion Petition, Call Merchant, Bribe Branch


You were on level 4 of the Dungeon.
You worshipped Gozag.
Gozag was noncommittal.
You visited 2 branches of the dungeon, and saw 3 of its levels.

You collected 20 gold pieces.
You paid 11 gold pieces to Gozag.

Inventory:

Hand Weapons
 a - a +0 falchion (weapon)
Jewellery
 d - a ring of willpower
Wands
 f - a wand of digging (3)
Scrolls
 b - a scroll of fog
 c - a scroll of teleportation {unknown}
Potions
 g - 2 potions of heal wounds {unknown}


   Skills:
 * Level 3.0 Fighting
 * Level 2.0 Long Blades
 * Level 2.0 Dodging
 + Level 6.6 Stealth


You couldn't memorise any spells.
You didn't know any spells.
Your spell library was empty.

Dungeon Overview and Level Annotations

Branches:
Dungeon (5/15)             Temple (1/1) D:5

Altars:
Ashenzari
Gozag
Kikubaaqudgha
Makhleb
Nemelex Xobeh
Okawaru
Vehumet
Xom
Yredelemnul
Zin

Annotations:
D:5 Menkaure


Innate Abilities, Weirdness & Mutations

You cannot wear most types of armour.
You are amphibious.
You can wear up to eight rings at the same time.
Your skin changes colour to match your surroundings (Stealth+).
Your rubbery body absorbs attacks. (AC +1, EV +1)
((You are camouflaged when in or above water. (Stealth+)))
You have tentacles for arms and can constrict up to eight enemies at once.


Message History

Found a burning altar of Makhleb and a glowing silver altar of Zin.
Found an opulent altar of Gozag.
Found an ancient bone altar of Kikubaaqudgha.
There is an opulent altar of Gozag here.
You curl up in front of the altar of Gozag.
Gozag welcomes you!
You pay a service fee of 11 gold.
Found a basalt altar of Yredelemnul.
There is a staircase back to the Dungeon here.
Okay, then.
You feel yourself speed up.
You climb upwards.
Level annotation: Menkaure The black bear completely misses you.
The black bear closely misses you. The black bear barely misses you.
There is a staircase to the Ecumenical Temple here.
The black bear attacks as it pursues you!
The black bear bites you. The black bear claws you.
The black bear completely misses you.
There is a stone staircase leading up here.
You climb upwards.
There is a stone staircase leading down here. 4 wights come into view.
A wight is wielding a +0 hand axe and wearing a +1 robe of resistance.
Found 2 metallic green potions.
g - 2 metallic green potions
Okay, then.
Your extra speed is starting to run out.
You feel yourself slow down.
You feel yourself speed up. The wight closely misses you.
The wight barely misses you. The wight hits you with a +0 hand axe.
The wight attacks as it pursues you!
The wight hits you from afar with a +1 spear!
Ouch! That really hurt!
* * * LOW HITPOINT WARNING * * *
The wight attacks as it pursues you! The wight hits you with a +0 hand axe!
Ouch! That really hurt!
You die...
Your body crumbles into a pile of gold.

...# ....## ......#
###### ###.......###
###....##
#z...#......###.......#
....zz.#.....##.@z.z..##
...z... #..............#
.......
##...###.......##
.......##.>.##
#........# ......z#..###
##.......# .......z.##
##......# ........##
##.....## ......###
####...# ..##.# #####


You could see 2 wights.

Vanquished Creatures
  A dart slug (D:5)
1 creature vanquished.

Notes
Turn   | Place    | Note
-------+----------+-------------------------------------------
     0 | D:5      | Esekla the Octopode Delver began the quest for the Orb.
     0 | D:5      | Reached XP level 1. HP: 16/16 MP: 1/1
     5 | D:5      | Noticed Menkaure
    16 | D:5      | Noticed a scorpion
    26 | D:5      | Found a staircase to the Ecumenical Temple.
    31 | D:5      | Noticed a black bear
   115 | Temple   | Entered the Ecumenical Temple
   127 | Temple   | Became a worshipper of Gozag Ym Sagoz the Greedy
   164 | D:4      | Noticed a wight
   164 | D:4      | Noticed a wight
   164 | D:4      | Noticed a wight
   164 | D:4      | Noticed a wight
   200 | D:4      | Slain by a wight

Illustrated notes

Levels and vault maps discovered:
D:4:      layout_cave_pods, amethyst_overflow_temple_binary, serial_shops, shop
D:5:      layout_rooms, minmay_temple_entry_stoned_glass,
          kennysheep_generic_room_3, uniq_menkaure, uniq_grinder, uniq_pikel,
          uniq_blork_the_orc
Temple:   compressed_dpeg_circular_temple

Action                     || total
---------------------------++-------
  Melee: Falchion          ||     3
         Constrict         ||     1
         Tentacles         ||     1
    Use: Scroll            ||     2
         Potion            ||     2
 Armour: Skin              ||     5
  Dodge: Dodged            ||     8
